 Dungeon Crawl Stone Soup version 0.21.1-1-g345015f (webtiles) character file.

4083 kae the Insei (level 10, 0/81 HPs)
             Began as a Demonspawn Transmuter on June 14, 2018.
             Was a Believer of Makhleb.
             Succumbed to a soldier ant's poison
             ... on level 9 of the Dungeon.
             The game lasted 00:09:26 (9346 turns).

kae the Insei (Demonspawn Transmuter)               Turns: 9346, Time: 00:09:27

Health: 0/81       AC:  2    Str: 11    XL:     10   Next: 5%
Magic:  1/26       EV: 25    Int: 14    God:    Makhleb [**....]
Gold:   490        SH:  0    Dex: 22    Spells: 13/19 levels left

rFire    . . .     SeeInvis .     - Unarmed
rCold    . . .     Gourm    .   (shield currently unavailable)
rNeg     . . .     Faith    .   (armour currently unavailable)
rPois    .         Spirit   +   (helmet currently unavailable)
rElec    .         Reflect  .   (cloak currently unavailable)
rCorr    .         Harm     .   (gloves currently unavailable)
MR       .....                  (boots currently unavailable)
Stlth    ++........             f - amulet of magic regeneration
HPRegen  0.23/turn              x - ring of magical power
MPRegen  0.65/turn              l - ring of poison resistance

@: lethally poisoned (0 -> -9), spider-form (expiring)
A: tiny, robust 1, magic shield, magic regeneration, magic link
a: End Transformation, Minor Destruction, Renounce Religion


You were on level 9 of the Dungeon.
You worshipped Makhleb.
Makhleb was pleased with you.
You were hungry.
You were a venomous arachnid creature.
You visited 2 branches of the dungeon, and saw 10 of its levels.
You also visited: Sewer.

You collected 571 gold pieces.
You spent 81 gold pieces at shops.

Inventory:

Missiles
 a - 172 arrows
Armour
 b - a +0 robe
 i - a +2 helmet
 t - a +0 troll leather armour (melded) {Purgy}
Magical Staves
 s - an uncursed staff of earth
Jewellery
 f - an amulet of magic regeneration (around neck)
 k - an uncursed ring of resist corrosion
 l - a ring of poison resistance (right front leg)
 m - an uncursed ring of stealth
 x - a ring of magical power (left front leg)
 y - an uncursed ring of protection from fire
Wands
 C - a wand of random effects (15)
 J - a wand of acid (9)
Scrolls
 e - 3 scrolls of teleportation
 h - 2 scrolls of remove curse
 j - a scroll of torment {unknown}
 n - a scroll of magic mapping
 o - a scroll of amnesia
 p - a scroll of enchant weapon
 B - 2 scrolls of identify
 D - a scroll of enchant armour {unknown}
 E - 2 scrolls of fear
Potions
 g - 2 potions of heal wounds
 q - a potion of berserk rage
 r - 2 potions of brilliance
 u - a potion of flight
 w - a potion of lignification {unknown}
 z - a potion of magic {unknown}
 A - a potion of resistance {unknown}
 G - a potion of curing
Books
 c - a book of Changes

   Spells                             Type                      Level
   a - Beastly Appendage              Transmutation                1
   b - Sticks to Snakes               Transmutation                2
   c - Spider Form                    Transmutation/Poison         3
   d - Ice Form                       Ice/Transmutation            4
   e - Blade Hands                    Transmutation                5
 v - a book of Conjurations

   Spells                             Type                      Level
   a - Magic Dart                     Conjuration                  1
   b - Searing Ray                    Conjuration                  2
   c - Dazzling Spray                 Conjuration/Hexes            3
   d - Fulminant Prism                Conjuration/Hexes            4
   e - Force Lance                    Conjuration/Translocation    4
   f - Iskenderun's Mystic Blast      Conjuration                  4
 F - a book of Frost

   Spells                             Type                      Level
   a - Freeze                         Ice                          1
   b - Throw Frost                    Conjuration/Ice              2
   c - Ozocubu's Armour               Charms/Ice                   3
   d - Throw Icicle                   Conjuration/Ice              4
   e - Summon Ice Beast               Ice/Summoning                4
 H - a book of Transfigurations

   Spells                             Type                      Level
   a - Irradiate                      Conjuration/Transmutation    5
   b - Statue Form                    Transmutation/Earth          6
   c - Hydra Form                     Transmutation                6
   d - Dragon Form                    Transmutation                7
Comestibles
 d - 16 rations


   Skills:
 + Level 5.3 Fighting
 + Level 3.2 Armour
 + Level 5.2 Dodging
 * Level 7.4 Unarmed Combat
 + Level 5.1 Spellcasting
 * Level 6.1 Transmutations
 + Level 4.5 Invocations


You had 13 spell levels left.
You knew the following spells:

 Your Spells              Type           Power        Failure   Level  Hunger
a - Beastly Appendage     Tmut           ###...       6%          1    None
b - Sticks to Snakes      Tmut           ###.....     8%          2    ##.....
c - Spider Form           Tmut/Pois      ##........   32%         3    ###....


Dungeon Overview and Level Annotations

Branches:
Dungeon (9/15)             Temple (1/1) D:5
   Lair: D:8-11         Orc: D:9-12

Altars:
Ashenzari
Cheibriados
Dithmenos
Elyvilon
Fedhas
Gozag
Hepliaklqana
Kikubaaqudgha
Makhleb
Nemelex Xobeh
Qazlal
Ru
Sif Muna
Trog
Uskayaw
Vehumet
Wu Jian
Yredelemnul
Zin
The Shining One

Shops:
D:8 *

Annotations:
D:4 exclusion: phantom
D:8 goulibeur's ghost, novice DsAK
D:9 nicolaieve's ghost, novice MiBe


Innate Abilities, Weirdness & Mutations

((You have a pair of small horns on your head.))
When hurt, damage is shared between your health and your magic reserves.
You regenerate magic rapidly.
When low on magic, you restore magic in place of health.
((You are partially covered in icy blue scales. (AC +2)))
You are robust. (+10% HP)
((You are resistant to electric shocks. (rElec)))


Message History

You hit the orc priest but do no damage.
You feel sick.
The orc priest mumbles some strange prayers to Beogh against you.
Beogh smites you!
* * * LOW HITPOINT WARNING * * *
You closely miss the orc priest.
* * * LOW HITPOINT WARNING * * *
You feel sick.
The orc priest begins to cast a cantrip, but forgets the words!
You hit the orc priest.
The orc priest is moderately wounded.
* * * LOW HITPOINT WARNING * * *
You feel sick.
The orc priest calls down the wrath of Beogh upon you.
Beogh smites you!
* * * LOW HITPOINT WARNING * * *
You hit the orc priest.
The orc priest is heavily wounded.
Your transformation is almost over.
You die...

...## #.........# #
#<........#
#.........#
######.#### #.# ####
#.# ..... #.#
......######## #.#
......os.....###.##
......######).....###
...(. #####....####
.... #.##....# ...
#..#####.. ## #.##
##. #. ## .. #.#


You could see an orc priest.

Vanquished Creatures
  A hornet (D:8)
  A hippogriff (D:8)
  5 yaks (D:9)
  Eustachio (D:5)
  2 soldier ants
  A water moccasin (D:9)
  Purgy (Sewer)
  An ice beast (D:9)
  A necrophage (D:7)
  A sky beast (D:7)
  An ogre (D:3)
  A centaur (D:5)
  2 bullfrogs (D:7)
  A wyvern zombie (D:6)
  A wyvern skeleton (D:8)
  3 scorpions
  3 howler monkeys
  5 crimson imps
  A bullfrog zombie (D:9)
  A quasit (D:9)
  2 centaur zombies
  A jelly (D:8)
  A centaur skeleton (D:4)
  2 hounds
  8 orc wizards
  4 orc priests
  A gnoll shaman (D:4)
  5 worker ants
  2 hound skeletons
  A worker ant zombie (D:5)
  5 gnolls
  9 adders
  A shadow imp (D:8)
  A worm (D:8)
  3 dart slugs
  2 leopard geckos
  28 orcs
  8 giant cockroaches
  7 hobgoblins
  8 jackals
  4 kobolds (D:1)
  6 quokkas
  3 ball pythons
  11 bats
  6 frilled lizards
  7 goblins
  4 rats
174 creatures vanquished.

Vanquished Creatures (collateral kills)
  2 adders (D:2)
2 creatures vanquished.

Vanquished Creatures (others)
  3 orc wizards (D:5)
  2 orcs (D:5)
5 creatures vanquished.

Grand Total: 181 creatures vanquished

Notes
Turn   | Place    | Note
-------+----------+-------------------------------------------
     0 | D:1      | kae the Demonspawn Transmuter began the quest for the Orb.
     0 | D:1      | Reached XP level 1. HP: 15/15 MP: 3/3
   107 | D:1      | Gained mutation: When hurt, damage is shared between your health and your magic reserves. [demonic ancestry]
   107 | D:1      | Reached XP level 2. HP: 20/21 MP: 5/5
   421 | D:1      | Reached skill level 3 in Unarmed Combat
   820 | D:2      | Reached XP level 3. HP: 26/26 MP: 6/6
  1130 | D:1      | Learned a level 2 spell: Sticks to Snakes
  1134 | D:1      | Learned a level 3 spell: Spider Form
  1227 | D:2      | Found an ancient bone altar of Kikubaaqudgha.
  2182 | D:3      | Found a hide-covered altar of Uskayaw.
  2187 | D:3      | Found a shadowy altar of Dithmenos.
  2227 | D:3      | Gained mutation: You regenerate magic rapidly. [demonic ancestry]
  2227 | D:3      | Reached XP level 4. HP: 33/33 MP: 7/7
  2521 | D:3      | Noticed an ogre
  2534 | D:3      | Killed an ogre
  2534 | D:3      | Reached XP level 5. HP: 38/38 MP: 7/9
  3279 | D:4      | Reached skill level 4 in Unarmed Combat
  3312 | D:4      | Reached XP level 6. HP: 28/46 MP: 8/10
  3926 | D:4      | Found a glowing drain.
  3946 | Sewer    | Entered a sewer
  4006 | Sewer    | Noticed Purgy
  4009 | Sewer    | Gained mutation: You are partially covered in icy blue scales. (AC +2) [potion of mutation]
  4009 | Sewer    | Gained mutation: You are robust. (+10% HP) [potion of mutation]
  4009 | Sewer    | Gained mutation: You are resistant to electric shocks. (rElec) [potion of mutation]
  4020 | Sewer    | Killed Purgy
  4373 | D:4      | Reached XP level 7. HP: 47/57 MP: 8/12
  4506 | D:5      | Entered Level 5 of the Dungeon
  4719 | D:5      | Reached skill level 5 in Unarmed Combat
  4917 | D:5      | Found a bloodstained altar of Trog.
  4967 | D:5      | Noticed Eustachio
  5011 | D:5      | Killed Eustachio
  5267 | D:5      | Found a staircase to the Ecumenical Temple.
  5341 | Temple   | Entered the Ecumenical Temple
  5554 | Temple   | Became a worshipper of Makhleb the Destroyer
  6165 | D:6      | Gained mutation: You have a pair of small horns on your head. [demonic ancestry]
  6165 | D:6      | Reached XP level 8. HP: 56/66 MP: 9/13
  6654 | D:6      | Reached skill level 1 in Invocations
  6849 | D:6      | Reached * piety under Makhleb
  7058 | D:6      | Reached skill level 1 in Armour
  7171 | D:7      | Reached skill level 6 in Unarmed Combat
  7990 | D:8      | Noticed a hippogriff
  8003 | D:8      | Killed a hippogriff
  8059 | D:8      | Found a glowing golden altar of the Shining One.
  8064 | D:8      | Reached XP level 9. HP: 62/72 MP: 15/15
  8131 | D:8      | Found an ornate altar of the Wu Jian Council.
  8232 | D:8      | Noticed goulibeur's ghost (novice DsAK)
  8449 | D:8      | Reached skill level 5 in Transmutations
  8687 | D:8      | Found Tak Zuu's Assorted Antiques.
  8694 | D:8      | Bought a potion of curing for 81 gold pieces
  8906 | D:9      | Noticed nicolaieve's ghost (novice MiBe)
  9015 | D:9      | Reached skill level 5 in Fighting
  9015 | D:9      | Reached skill level 5 in Dodging
  9015 | D:9      | Reached skill level 7 in Unarmed Combat
  9021 | D:9      | Reached skill level 5 in Spellcasting
  9284 | D:9      | Reached ** piety under Makhleb
  9333 | D:9      | Gained mutation: When low on magic, you restore magic in place of health. [demonic ancestry]
  9333 | D:9      | Reached XP level 10. HP: 52/81 MP: 8/17
  9345 | D:9      | HP: 1/81 [orc priest/divine providence (8)]
  9346 | D:9      | Succumbed to a soldier ant's poison

Skill      XL: |  1  2  3  4  5  6  7  8  9 |
---------------+----------------------------+-----
Dodging        | 2 3 4 5 |  5.2
Transmutations | 2 3 4 6 |  6.1
Unarmed Combat | 3 4 5 6 7 |  7.4
Fighting       | 2 3 4 5 |  5.3
Spellcasting   | 3 4 5 |  5.1
Invocations    | 2 4 |  4.5
Armour         | 1 3 |  3.2

Action                   |  1- 3 |  4- 6 |  7- 9 | 10-12 || total
-------------------------+-------+-------+-------+-------++-------
Melee: Unarmed           |   125 |   164 |   463 |    13 ||   765
       Kick              |     9 |     2 |       |       ||    11
       Headbutt          |     9 |       |    29 |       ||    38
       Punch             |     1 |       |     3 |       ||     4
 Cast: Beastly Appendage |    20 |     4 |       |       ||    24
       Sticks to Snakes  |     4 |       |     1 |       ||     5
       Spider Form       |     1 |    16 |    42 |       ||    59
  Use: Scroll            |     7 |     2 |     6 |       ||    15
       Potion            |     2 |     5 |     1 |       ||     8
 Stab: Sleeping          |     2 |     2 |     5 |       ||     9
  Eat: Chunk             |     1 |    10 |    17 |       ||    28
       Ration            |     1 |       |     1 |       ||     2
Armor: Robe              |    17 |    35 |     7 |       ||    59
       Skin              |       |     2 |     8 |       ||    10
       Troll leather arm |       |       |    21 |       ||    21
Dodge: Dodged            |    77 |   166 |   385 |     5 ||   633
